 Dungeon Crawl Stone Soup version 0.31-a0-507-gbafd7f5274 (webtiles) character file.

Game seed: 10134329349181087981

1751888 motkurizz the Slayer (level 26, 282/282 HPs)
             Began as a Demigod Hunter on Aug 8, 2023.
             Escaped with the Orb
             ... and 3 runes on Aug 9, 2023!
             The game lasted 03:01:16 (65509 turns).

motkurizz the Slayer (Demigod Hunter)              Turns: 65509, Time: 03:01:17

Health: 282/282    AC: 17    Str: 18 (19) XL:     26   Next: 0%
Magic:  11/11      EV: 61    Int:  9 (13) God:
Gold:   3941       SH:  0    Dex: 51      Spells: 35/35 levels left

rFire   + . .        a - +7 longbow "Lyterosk" {antimagic, Str+3}
rCold   + + .        (shield currently unavailable)
rNeg    + + .        K - +2 robe {rC+ rF+}
rPois   +            t - +2 helmet {SInv}
rElec   +            I - +2 cloak {Stlth+}
rCorr   .            m - +0 pair of gloves "Sagilof" {+Blink rPois rF+ Slay+3}
SInv    +            U - +2 pair of boots {rampage}
Will    ++...        n - amulet of Leaves {Spirit Contam rPois rN++ Stlth+}
Stlth   +++          J - +6 ring of dexterity
HPRegen 0.67/turn    c - ring of Zoifol {Ice rElec rPois Int+2}
MPRegen 0.12/turn

%: clarity, guardian spirit, rampage
@: studying 2 skills
A: high MP 1, forlorn, divine attributes, clarity, robust 1
0: Orb of Zot
}: 3/15 runes: serpentine, barnacled, silver
a: Evoke Blink


You escaped.
You visited 10 branches of the dungeon, and saw 48 of its levels.
You also visited: Gauntlet and Ice Cave.

You collected 9263 gold pieces.
You spent 5322 gold pieces at shops.

Inventory:

Hand Weapons
 a - the +7 longbow "Lyterosk" (weapon) {antimagic, Str+3}
   (You bought it in a shop on level 3 of the Vaults)

   Str+3:     It affects your strength (+3).
 b - a +9 longbow of flaming
Missiles
 M - a throwing net
Armour
 m - the +0 pair of gloves "Sagilof" (worn) {+Blink rPois rF+ Slay+3}
   (You acquired it on level 3 of the Depths)

   Slay+3:    It affects your accuracy & damage with ranged weapons and melee
   (+3).
   rF+:       It protects you from fire.
   rPois:     It protects you from poison +Blink: It lets you blink.
 t - a +2 helmet of see invisible (worn)
 x - quicksilver dragon scales
 I - a +2 cloak of stealth (worn)
 K - a +2 robe of resistance (worn)
 Q - +0 fire dragon scales
 T - the +5 scale mail of Tortelloni {Dex+2}
   (You bought it in a shop on level 5 of the Vaults)

   Dex+2:     It affects your dexterity (+2).
 U - a +2 pair of boots of rampaging (worn)
 V - the +3 ring mail of Socef {Rampage rCorr Str+4 Int-4}
   (You bought it in a shop on level 5 of the Vaults)

   Str+4:     It affects your strength (+4).
   Int-4:     It affects your intelligence (-4).
   rCorr:     It protects you from acid and corrosion.
   Rampage:   It bestows one free step when moving towards enemies.
 X - a +2 pair of gloves of infusion
Jewellery
 c - the ring of Zoifol (right hand) {Ice rElec rPois Int+2}
   (You found it on level 14 of the Dungeon)

   [ring of ice]

   Ice:       It enhances your ice magic.
   Int+2:     It affects your intelligence (+2).
   rF-:       It makes you vulnerable to fire.
   rC+:       It protects you from cold.
   rElec:     It insulates you from electricity.
   rPois:     It protects you from poison
 n - the amulet of Leaves (around neck) {Spirit Contam rPois rN++ Stlth+}
   (You found it on level 4 of the Shoals)

   [amulet of guardian spirit]

   Spirit:    It causes incoming damage to be divided between your reserves of
   health and magic.
   rPois:     It protects you from poison rN++: It greatly protects you from
   negative energy.
   Contam:    It causes magical contamination when unequipped.
   Stlth+:    It makes you more stealthy.
 u - a ring of protection from fire
 w - a ring of resist corrosion
 J - a +6 ring of dexterity (left hand)
 P - the ring of Faogu {Wiz rPois rN+}
   (You took it off an ogre mage on level 5 of the Vaults)

   [ring of wizardry]

   Wiz:       It improves your spell success rate.
   rPois:     It protects you from poison rN+: It protects you from negative
   energy.
 W - a ring of willpower
 Y - the ring of the Original Sin {*Slow rF+ MP+9 Int-4 Dex+7}
   (You found it in a Gauntlet)

   [ring of magical power]

   Int-4:     It affects your intelligence (-4).
   Dex+7:     It affects your dexterity (+7).
   rF+:       It protects you from fire.
   MP+9:      It affects your magic capacity (+9).
   *Slow:     It may slow you when you take damage.
Wands
 l - a wand of digging (9)
 p - a wand of light (45)
 C - a wand of mindburst (56)
 L - a wand of charming (15)
 S - a wand of iceblast (74)
Scrolls
 g - 5 scrolls of fog
 h - 13 scrolls of poison
 j - 3 scrolls of silence
 k - 9 scrolls of amnesia
 y - 6 scrolls of blinking
 z - 5 scrolls of fear
 D - 8 scrolls of enchant weapon
 F - 2 scrolls of summoning
 G - 4 scrolls of enchant armour
 H - 11 scrolls of teleportation
 N - 5 scrolls of noise
 O - 23 scrolls of identify
 R - 2 scrolls of brand weapon
Potions
 d - 5 potions of mutation
 e - 8 potions of heal wounds
 f - 6 potions of haste
 i - 5 potions of ambrosia
 o - 6 potions of brilliance
 q - 7 potions of cancellation
 r - 4 potions of resistance
 s - 23 potions of curing
 v - 3 potions of magic
 B - 5 potions of attraction
 E - 8 potions of enlightenment
Miscellaneous
 A - a phantom mirror
 Z - a phial of floods


   Skills:
 + Level 24.8 Fighting
 + Level 24.7 Ranged Weapons
 - Level 13.0 Armour
 + Level 24.6 Dodging
 - Level 10.0 Stealth
 - Level 5.0 Spellcasting
 - Level 12.0 Evocations


You had 35 spell levels left.
You didn't know any spells.
Your spell library contained the following spells:

 Spells                   Type           Power      Damage    Failure   Level
 Foxfire                  Conj/Fire      8%         2x1d4     24%         1
 Freeze                   Ice            12%        1d3       24%         1
 Kiss of Death            Conj/Necr      8%         2d6       24%         1
 Magic Dart               Conj           8%         1d3       24%         1
 Necrotise                Necr           8%         1d4       24%         1
 Sandblast                Erth           4%         2d4       24%         1
 Shock                    Conj/Air       8%         1d3       24%         1
 Summon Small Mammal      Summ           8%         N/A       24%         1
 Call Imp                 Summ           4%         N/A       36%         2
 Cigotuvi's Dreadful Rot  Necr/Pois/Air  4%         N/A       36%         2
 Ensorcelled Hibernation  Hex/Ice        6%         N/A       36%         2
 Passwall                 Tmut/Erth      1%         N/A       36%         2
 Sublimation of Blood     Necr           2%         N/A       36%         2
 Wereblood                Tmut           2%         N/A       36%         2
 Call Canine Familiar     Summ           2%         N/A       58%         3
 Confusing Touch          Hex            2%         N/A       58%         3
 Dazzling Flash           Conj/Hex       4%         N/A       58%         3
 Frozen Ramparts          Ice            6%         1d1       58%         3
 Hailstorm                Conj/Ice       3%         3d3       58%         3
 Ignite Poison            Fire/Tmut/Pois 2%         N/A       58%         3
 Mephitic Cloud           Conj/Pois/Air  2%         N/A       58%         3
 Ozocubu's Armour         Ice            3%         N/A       58%         3
 Portal Projectile        Hex/Tloc       4%         N/A       58%         3
 Stone Arrow              Conj/Erth      4%         3d7       58%         3
 Summon Guardian Golem    Hex/Summ       2%         N/A       58%         3
 Swiftness                Air            2%         N/A       58%         3
 Tukima's Dance           Hex            2%         N/A       58%         3
 Vampiric Draining        Necr           2%         2d6       58%         3
 Vhi's Electric Charge    Tloc/Air       4%         N/A       58%         3
 Volatile Blastmotes      Fire/Tloc      4%         2d10      58%         3
 Anguish                  Hex/Necr       1%         N/A       94%         4
 Animate Armour           Summ/Erth      4%         N/A       94%         4
 Animate Dead             Necr           2%         N/A       94%         4
 Cause Fear               Hex            1%         N/A       94%         4
 Dispel Undead            Necr           2%         3d7       94%         4
 Flame Wave               Conj/Fire      2%         2d4       94%         4
 Iskenderun's Mystic Bla  Conj/Tloc      2%         2d3       94%         4
 Manifold Assault         Tloc           2%         N/A       94%         4
 Olgreb's Toxic Radiance  Pois           2%         N/A       94%         4
 Passage of Golubria      Tloc           2%         N/A       94%         4
 Petrify                  Tmut/Erth      2%         N/A       94%         4
 Sticky Flame             Conj/Fire      2%         2d3       94%         4
 Summon Ice Beast         Ice/Summ       3%         N/A       94%         4
 Summon Lightning Spire   Summ/Air       2%         N/A       94%         4
 Agony                    Necr           2%         N/A       100%        5
 Arcjolt                  Conj/Air       1%         1d11      100%        5
 Fireball                 Conj/Fire      1%         3d3       100%        5
 Freezing Cloud           Conj/Ice/Air   1%         6-21      100%        5
 Iskenderun's Battlesphe  Conj           2%         2d6       100%        5
 Lee's Rapid Deconstruct  Erth           1%         3d4*      100%        5
 Metabolic Englaciation   Hex/Ice        1%         N/A       100%        5
 Silence                  Hex/Air        1%         N/A       100%        5
 Summon Forest            Summ/Tloc      1%         N/A       100%        5
 Summon Mana Viper        Hex/Summ       2%         N/A       100%        5
 Yara's Violent Unravell  Hex/Tmut       1%         3d3       100%        5
 Conjure Ball Lightning   Conj/Air       1%         3x3d6     100%        6
 Death Channel            Necr           1%         N/A       100%        6
 Dispersal                Tloc           1%         N/A       100%        6
 Eringya's Noxious Bog    Tmut/Pois      1%         4d6       100%        6
 Leda's Unmaking          Conj/Erth      1%         9d1       100%        6
 Plasma Beam              Fire/Air       1%         2x1d11    100%        6
 Simulacrum               Ice/Necr       1%         N/A       100%        6
 Starburst                Conj/Fire      1%         6d3       100%        6
 Enfeeble                 Hex            1%         N/A       100%        7
 Haunt                    Necr/Summ      1%         N/A       100%        7
 Malign Gateway           Summ/Tloc      1%         N/A       100%        7
 Orb of Destruction       Conj           1%         9d5       100%        7
 Spellforged Servitor     Conj/Summ      1%         N/A       100%        7
 Summon Hydra             Summ           1%         N/A       100%        7
 Discord                  Hex            1%         N/A       100%        8
 Disjunction              Tloc           1%         N/A       100%        8
 Ignition                 Fire           1%         3d3       100%        8
 Infestation              Necr           1%         N/A       100%        8
 Lehudib's Crystal Spear  Conj/Erth      1%         10d2      100%        8
 Maxwell's Capacitive Co  Air            1%         ∞         100%        8
 Summon Horrible Things   Summ           1%         N/A       100%        8
 Chain Lightning          Conj/Air       1%         3d1       100%        9
 Polar Vortex             Ice            1%         N/A       100%        9
 Shatter                  Erth           1%         3d5*      100%        9


Dungeon Overview and Level Annotations

Branches:
Dungeon (15/15)            Temple (0/1) D:4            Lair (5/5) D:10
 Shoals (4/4) Lair:2        Snake (4/4) Lair:2        Slime (0/5) Lair:4
    Orc (2/2) D:11            Elf (3/3) Orc:2        Vaults (5/5) D:13
  Crypt (1/3) Vaults:2     Depths (4/4) D:15            Zot (5/5) Depths:4
  IceCv (visited)         Gauntlet (visited)

Shops:
D:5 =   Orc:2 ([=?   Elf:1 :[!   Shoals:3 !*   Vaults:1 =   Vaults:3 (
Vaults:5 [![   Depths:2 [

Portals:
Hell: Depths:1 Depths:2 Depths:3 Depths:4
Abyss: Depths:2 Depths:3 Depths:4
Pandemonium: Depths:2
Ziggurat: Depths:1

Annotations:
D:2 exclusion: downstairs
D:3 exclusion: downstairs
D:8 exclusion: downstairs
D:13 exclusion: downstairs
Lair:1 exclusion: 2 downstairs
Lair:2 exclusion: 2 downstairs
Lair:3 exclusions: downstairs and 4 oklob plants
Snake:3 exclusion: downstairs
Elf:2 3 runed translucent doors


Innate Abilities, Weirdness & Mutations

You have an increased reservoir of magic. (+10% MP)
You shall have no god before yourself.
Your divine heritage dramatically boosts your attributes as you level up.
You possess an exceptional clarity of mind.
You are robust. (+10% HP)


Message History

You're already here!
Okay, then.
Okay, then.
Okay, then. 2 hell hounds come into view.
You can't go up here!
You shoot an arrow. The arrow hits the hell hound!!
You kill the hell hound!
You shoot an arrow.
The arrow hits the hell hound but does no damage.
You shoot an arrow. The arrow hits the hell hound!!
The hell hound is almost dead.
The hell hound completely misses you.
You shoot an arrow. The arrow hits the hell hound!!
You kill the hell hound!
A hell hound comes into view.
You have reached level 26!
You shoot an arrow. The arrow hits the hell hound!!!
You kill the hell hound!
You see here a hell hound corpse.
A reaper comes into view. It is wielding a +2 scythe of freezing.
You shoot an arrow. The arrow hits the reaper.
The reaper is lightly wounded.
You shoot an arrow. The arrow hits the reaper!!!
The reaper is severely wounded.
You shoot an arrow. The arrow hits the reaper.
The reaper is severely wounded.
You shoot an arrow. The arrow hits the reaper.
The reaper is severely wounded.
You shoot an arrow. The arrow hits the reaper.
The reaper is almost dead.
The reaper completely misses you.
You shoot an arrow. The arrow hits the reaper!
The reaper is almost dead.
The reaper closely misses you.
You shoot an arrow. The arrow hits the reaper!!!
You kill the reaper!
No target in view!
There is a staircase leading out of the dungeon here.
You have escaped!

#.# ###
############################### #
#.#..#.....#..#.....#..#.#....#
###.#..#..#..#..#..#.......#.##.#
.#..)........................##.#
#...#..#..#..#.....#..#..#..###.#
.##..........#.....#..#..#.## #.#
###....#..#.....@..#.....#.# #.#
# ########################## #..
# ########### ### #.) #
#.........# ##'## ##. #
#.###.###.# ##...## #. ### #.#
#.###(# ##.....## #. ..# #.#
#.)##.###.......## ##.
#.#####.###...#.##.........####..
.................'.........'.....


There were no monsters in sight!

Vanquished Creatures
  3 dread liches
  3 orbs of fire
  3 ancient liches
  Mara (Shoals:4)
  2 juggernauts
  Vv (Depths:3)
  Boris (Depths:3)
  The ghost of Hacs the Ruinous, a veteran DgCj (Depths:3)
  11 Killer Klowns
  Saint Roka (Depths:1)
  2 caustic shrikes
  A golden dragon (shapeshifter) (Zot:1)
  8 golden dragons
  3 bone dragons
  Norris (Elf:1)
  5 hellephants
  7 electric golems
  13 tentacled monstrosities
  A walking crystal tome (Depths:2)
  Jorgrun (D:12)
  6 liches
  3 titans (Vaults:5)
  Mlioglotl (Snake:1)
  2 deep elf master archers (Elf:3)
  28 Orb Guardians
  A walking frostbound tome (Depths:2)
  6 quicksilver dragons
  2 deep elf blademasters (Elf:3)
  An Executioner (Zot:5)
  Frances (D:13)
  6 sphinxes
  The ghost of Laidat the Sinner, an adept HuWn of Elyvilon (Shoals:2)
  3 krakens
  9 death cobs
  6 tengu reavers
  Kirke (Snake:1)
  9 storm dragons
  Donald (Shoals:4)
  8 nagarajas
  10 shadow dragons
  7 draconian monks
  Ilsuiw (Shoals:2)
  15 vault wardens
  8 draconian knights
  3 iron dragons
  7 fire giants
  7 deep elf sorcerers
  8 draconian shifters
  5 ghost moths
  7 draconian scorchers
  11 frost giants
  5 draconian stormcallers
  A balrug (Depths:2)
  3 orc warlords
  A curse skull (Depths:3)
  8 draconian annihilators
  13 ironbound preservers
  11 very ugly things
  3 spriggan defenders
  3 deep elf elementalists
  A cacodemon (D:5)
  A reaper (D:1)
  An angel (Zot:3)
  4 war gargoyles
  6 formless jellyfish
  9 deep elf demonologists
  An eleionoma (shapeshifter) (Zot:1)
  2 ironbound thunderhulks
  19 stone giants
  15 black draconians
  4 vampire knights
  11 green draconians
  17 yellow draconians
  6 red draconians
  6 deep elf annihilators
  11 dire elephants
  3 minotaurs
  13 spark wasps
  22 white draconians
  10 purple draconians
  11 deep elf death magi
  5 merfolk javelineers
  2 merfolk impalers
  12 ettins
  3 jiangshi (Depths:2)
  7 great orbs of eyes
  Snorg (D:13)
  3 entropy weavers
  A crystal guardian (Vaults:4)
  5 deep elf high priests
  7 fire dragons
  4 rakshasas
  20 yaktaur captains
  11 ice dragons
  40 vault guards
  A salamander tyrant (Snake:4)
  Erolcha (Orc:1)
  2 hydras (Lair:5)
  Harold (D:9)
  3 peacekeepers
  2 caustic shrike simulacra (IceCv)
  5 ogre magi
  4 catoblepae
  3 spriggan air magi
  14 ironbound frosthearts
  6 boulder beetles
  A merfolk avatar (Shoals:3)
  A death yak (shapeshifter) (Zot:1)
  12 anacondas
  7 centaur warriors
  5 two-headed ogres
  14 dancing weapons
  4 deep troll shamans
  3 merfolk aquamancers
  14 naga warriors
  4 tengu warriors
  6 deep troll earth magi
  10 death yaks
  15 satyrs
  An orc high priest (Elf:2)
  3 spriggan berserkers (Depths:2)
  8 hell hogs (Depths:4)
  A shock serpent (shapeshifter) (Zot:1)
  A vampire mage (Depths:2)
  13 shock serpents
  A sun demon (Zot:5)
  7 hell knights (Depths:4)
  A titan skeleton (Depths:2)
  26 deep elf knights
  A fire crab (Vaults:3)
  9 naga sharpshooters
  2 salamander mystics
  12 iron trolls
  Amaemon (Lair:2)
  11 soul eaters
  9 skysharks
  3 skeletal warriors (D:15)
  A storm dragon skeleton (Zot:2)
  A fire crab (shapeshifter) (Elf:3)
  19 sea snakes
  2 death drakes (Zot:2)
  43 deep trolls
  3 obsidian statues
  13 deep elf archers
  3 sea snakes (shapeshifter) (Vaults:5)
  3 lindwurms
  9 naga ritualists
  2 glowing orange brains
  A kraken simulacrum (Shoals:3)
  12 orc knights
  6 bog bodies (IceCv)
  8 wizards
  15 mana vipers
  5 phantasmal warriors
  2 spriggan simulacra
  3 lindwurms (shapeshifter)
  23 harpies
  4 necromancers
  25 deep elf zephyrmancers
  10 ironbound convokers
  3 orc sorcerers
  21 deep elf pyromancers
  36 ugly things
  14 salamanders
  2 worldbinders (Vaults:3)
  18 fauns
  20 elephants
  9 cyclopes
  Joseph (D:9)
  17 manticores
  20 moths of wrath
  A frost giant skeleton (Depths:2)
  2 molten gargoyles (Vaults:3)
  56 black mambas
  13 guardian serpents
  A torpor snail (shapeshifter) (Depths:4)
  A torpor snail (Lair:4)
  12 merfolk sirens
  16 vault sentinels
  18 naga magi
  3 gargoyles
  2 water nymphs (Shoals:2)
  An unseen horror (D:5)
  Maggie (D:9)
  12 cane toads
  2 kobold demonologists (Depths:3)
  A komodo dragon (shapeshifter) (Elf:2)
  A cane toad (shapeshifter) (Zot:1)
  13 freezing wraiths (IceCv)
  6 anaconda simulacra
  3 orange demons
  6 rime drakes
  2 efreet
  33 yaktaurs
  2 ice devils (IceCv)
  3 tengu conjurers (Depths:2)
  2 komodo dragons
  2 red devils
  2 queen bees
  9 trolls
  11 merfolk
  A hellwing (Depths:2)
  3 meliai (D:15)
  A silent spectre (Depths:3)
  A golden dragon simulacrum (IceCv)
  6 wind drakes
  A hornet (D:9)
  10 polar bears
  3 raiju
  A tarantella (Vaults:2)
  27 dream sheep
  A centaur simulacrum (D:15)
  21 blink frogs
  43 slime creatures
  6 snapping turtles
  3 air elementals
  2 large abominations (Zot:5)
  2 shadows
  A culicivora (Vaults:1)
  A spriggan (D:8)
  2 wraiths
  9 wyverns
  35 yaks
  An ettin skeleton (Depths:2)
  25 water elementals
  10 basilisks
  4 alligator snapping turtle simulacra (Shoals:3)
  5 dire elephant simulacra
  Grum (D:9)
  6 fire elementals
  3 hogs (Snake:1)
  2 death yak simulacra (Shoals:3)
  A basilisk (shapeshifter) (Elf:1)
  A neqoxec (Depths:2)
  A redback (shapeshifter) (Vaults:5)
  4 redbacks
  19 vampire mosquitoes
  A chaos spawn (Depths:2)
  Menkaure (D:6)
  A naga (shapeshifter) (Vaults:5)
  3 minotaur simulacra
  13 wargs
  2 harpy simulacra
  3 acid dragons
  38 nagas
  21 water moccasins
  2 floating eyes (Depths:2)
  21 hell hounds
  2 ice beasts
  3 sky beasts
  4 alligator simulacra (IceCv)
  3 satyr simulacra (Shoals:3)
  16 black bears
  41 orc warriors
  7 ogres
  2 ettin simulacra (IceCv)
  7 boggarts
  31 wolves
  21 centaurs
  5 kobold brigands
  2 phantoms (D:6)
  11 bullfrogs
  A gnoll sergeant (D:5)
  6 deep troll simulacra
  2 merfolk simulacra (Shoals:3)
  5 earth elementals
  3 scorpions
  A faun simulacrum (Shoals:3)
  4 wights
  4 lindwurm simulacra (IceCv)
  A snapping turtle simulacrum (Shoals:3)
  40 killer bees
  3 manticore simulacra (Shoals:3)
  3 howler monkeys
  3 electric eels
  A lava snake (Vaults:3)
  4 jellies
  13 orc priests
  Crazy Yiuf (D:6)
  2 hounds (D:5)
  2 gnoll boudas
  5 iguanas
  A sleepcap (D:7)
  4 cyclops simulacra (Shoals:3)
  Ijyb (D:3)
  Natasha (twice) (D:3)
  4 lightning spires (Vaults:3)
  29 orc wizards
  A hell rat (Lair:5)
  5 gnolls
  A river rat (Lair:3)
  12 adders
  3 shadow imps
  5 white imps
  An ufetubus (D:6)
  5 worms
  3 dart slugs
  71 orcs
  4 bats
  6 endoplasms
  2 giant cockroaches (D:2)
  6 goblins
  A hobgoblin (D:1)
  5 quokkas
  5 ball pythons
  2 frilled lizards (D:2)
  14 kobolds
  A rat (D:1)
  3 ball lightnings
  7 tentacles
2286 creatures vanquished.

Vanquished Creatures (collateral kills)
  A frost giant (Depths:1)
  A deep troll shaman (Depths:1)
  A moth of wrath (Zot:3)
  A killer bee (Lair:3)
  An orc priest (Orc:1)
5 creatures vanquished.

Vanquished Creatures (others)
  A fire giant (Depths:2)
  A draconian scorcher (Zot:4)
  A bunyip (shapeshifter) (Zot:1)
  2 satyrs (Shoals:4)
  A deep elf zephyrmancer (Vaults:3)
  A manticore (Shoals:4)
  A cane toad (Lair:3)
  A yak (D:10)
  A human (Depths:3)
  An ogre (Orc:1)
  An orc wizard (Orc:1)
  3 ball lightnings
  29 tentacles
44 creatures vanquished.

Grand Total: 2335 creatures vanquished

Notes
Turn   | Place    | Note
-------+----------+-------------------------------------------
     0 | D:1      | motkurizz the Demigod Hunter began the quest for the Orb.
     0 | D:1      | Reached XP level 1. HP: 17/17 MP: 3/3
   113 | D:1      | Reached skill level 1 in Stealth
   893 | D:2      | Reached XP level 2. HP: 24/24 MP: 4/4
   934 | D:3      | Noticed Ijyb
  1073 | D:2      | Reached XP level 3. HP: 29/29 MP: 5/5
  1692 | D:3      | Killed Ijyb
  1693 | D:3      | Reached skill level 5 in Ranged Weapons
  1693 | D:3      | Reached XP level 4. HP: 4/36 MP: 6/6
  1937 | D:3      | Noticed Natasha
  1940 | D:3      | Killed Natasha
  2191 | D:3      | Noticed Natasha
  2193 | D:3      | Killed Natasha
  2512 | D:4      | Reached XP level 5. HP: 41/41 MP: 7/7
  2988 | D:4      | Found a staircase to the Ecumenical Temple.
  3780 | D:5      | Entered Level 5 of the Dungeon
  3938 | D:5      | Noticed a black bear
  3941 | D:5      | Killed a black bear
  3942 | D:5      | Reached XP level 6. HP: 48/48 MP: 8/8
  4995 | D:5      | Reached XP level 7. HP: 49/55 MP: 9/9
  5074 | D:5      | Killed an unseen horror
  5075 | D:5      | Reached skill level 5 in Dodging
  5219 | D:5      | Found Ycsom's Jewellery Shoppe.
  5622 | D:6      | Reached XP level 8. HP: 61/61 MP: 10/10
  6070 | D:6      | Noticed Menkaure
  6072 | D:6      | Killed Menkaure
  6124 | D:6      | Found a runed translucent door.
  6125 | D:6      | Noticed Crazy Yiuf
  6350 | D:6      | Identified the +1 robe of Vehumet's Approval {Harm rC+
                  | Dex+5}
  6387 | D:6      | Reached XP level 9. HP: 62/71 MP: 11/11
  6935 | D:6      | Killed Crazy Yiuf
  8467 | D:9      | Noticed Maggie
  8477 | D:9      | Killed Maggie
  8516 | D:8      | Reached skill level 10 in Ranged Weapons
  8557 | D:8      | Reached XP level 10. HP: 72/78 MP: 11/13
  9586 | D:5      | Bought a ring of poison resistance for 240 gold pieces
  9586 | D:5      | Bought a ring of see invisible for 180 gold pieces
  9779 | D:9      | Noticed Joseph
 10009 | D:10     | Entered Level 10 of the Dungeon
 10060 | D:9      | Noticed Grum
 10071 | D:9      | Killed Grum
 10176 | D:9      | Noticed Harold
 10178 | D:9      | Reached skill level 5 in Fighting
 10191 | D:9      | Killed Harold
 10416 | D:9      | Killed Joseph
 10807 | D:10     | Identified a scroll of acquirement
 10808 | D:10     | Acquired a manual of Dodging
 10886 | D:10     | Noticed a death yak
 10970 | D:10     | Noticed a death yak
 10970 | D:10     | Noticed a death yak
 10997 | D:10     | Killed a death yak
 10998 | D:10     | Reached skill level 10 in Dodging
 11060 | D:10     | Found a staircase to the Lair.
 11062 | D:10     | Noticed a death yak
 11083 | D:10     | Reached XP level 11. HP: 89/89 MP: 14/14
 11189 | D:10     | Noticed a death yak
 11189 | D:10     | Noticed a death yak
 11212 | D:10     | Killed a death yak
 11262 | D:10     | Killed a death yak
 11267 | D:10     | Noticed a death yak
 11279 | D:10     | Killed a death yak
 11286 | D:10     | Killed a death yak
 11476 | D:10     | Killed a death yak
 11477 | D:10     | Reached skill level 5 in Evocations
 11502 | D:9      | Killed a death yak
 11934 | Lair:1   | Entered Level 1 of the Lair of Beasts
 12017 | Lair:1   | Noticed a boulder beetle
 12677 | Lair:1   | Noticed a catoblepas
 12690 | Lair:1   | Killed a catoblepas
 13026 | Lair:1   | Killed a boulder beetle
 13093 | Lair:2   | Noticed Amaemon
 13093 | Lair:2   | Noticed a skyshark
 13258 | Lair:2   | Found a staircase to the Snake Pit.
 13432 | Lair:2   | Reached skill level 15 in Dodging
 13607 | Lair:2   | Reached XP level 12. HP: 96/96 MP: 15/15
 14101 | Lair:2   | Killed Amaemon
 14228 | Lair:2   | Found a staircase to the Shoals.
 15456 | Lair:3   | Reached skill level 5 in Stealth
 16242 | Lair:4   | Reached XP level 13. HP: 107/107 MP: 16/16
 16367 | Lair:5   | Entered Level 5 of the Lair of Beasts
 16367 | Lair:5   | Found a gate leading to a gauntlet.
 16469 | Gauntlet | Entered a Gauntlet
 16469 | Gauntlet | Found a transporter.
 16469 | Gauntlet | Found a transporter.
 16469 | Gauntlet | Found a runed translucent door.
 16478 | Gauntlet | Found a transporter.
 16482 | Gauntlet | Found a transporter.
 16490 | Gauntlet | Found a transporter.
 16495 | Gauntlet | Found a transporter.
 16503 | Gauntlet | Found a transporter.
 16520 | Gauntlet | Found a transporter.
 16537 | Gauntlet | Found a transporter.
 16538 | Gauntlet | Found a transporter.
 16540 | Gauntlet | Found a runed translucent gate.
 16540 | Gauntlet | Found a runed translucent gate.
 16540 | Gauntlet | Found a runed translucent gate.
 16549 | Gauntlet | Found a transporter.
 16553 | Gauntlet | Found a transporter.
 16561 | Gauntlet | Found a runed translucent door.
 16926 | Gauntlet | Identified the ring of the Original Sin {*Slow rF+ MP+9
                  | Int-4 Dex+7}
 16956 | Gauntlet | Identified the +1 sling "Kuakk" {flame, rElec Str+5 Dex+3}
 16956 | Gauntlet | Noticed a minotaur
 16967 | Gauntlet | Killed a minotaur
 17731 | Lair:5   | Reached skill level 10 in Fighting
 18065 | Lair:5   | Reached XP level 14. HP: 108/124 MP: 15/17
 18706 | Lair:4   | Found a staircase to the Slime Pits.
 19402 | Lair:4   | Identified the +4 scale mail of Tomorrow {Harm rElec MP+9
                  | Str+2}
 19643 | D:5      | Bought an amulet of regeneration for 360 gold pieces
 20052 | D:11     | Found a staircase to the Orcish Mines.
 20648 | Orc:1    | Entered Level 1 of the Orcish Mines
 20648 | Orc:1    | Noticed Erolcha
 20654 | Orc:1    | Killed Erolcha
 20845 | Orc:1    | Noticed an orc warlord
 20864 | Orc:1    | Killed an orc warlord
 21274 | Orc:2    | Entered Level 2 of the Orcish Mines
 21751 | Orc:2    | Found a staircase to the Elven Halls.
 21913 | Orc:2    | Found Mecateac's Jewellery Shop.
 21913 | Orc:2    | Found Finubua's Antique Armour Emporium.
 21915 | Orc:2    | Found Hauzan's Antique Weapon Shoppe.
 21917 | Orc:2    | Found Hetuat's Magic Scroll Boutique.
 21929 | Orc:2    | Bought a scroll of identify for 32 gold pieces
 21929 | Orc:2    | Bought a scroll of identify for 32 gold pieces
 21929 | Orc:2    | Bought a scroll of brand weapon for 152 gold pieces
 21942 | Orc:2    | Bought 3 scrolls of enchant weapon for 360 gold pieces
 21942 | Orc:2    | Bought a scroll of teleportation for 48 gold pieces
 21942 | Orc:2    | Bought a scroll of summoning for 152 gold pieces
 22141 | Orc:1    | Noticed an orc warlord
 22151 | Orc:2    | Killed an orc warlord
 22762 | D:12     | Noticed Jorgrun
 22776 | D:12     | Killed Jorgrun
 22777 | D:12     | Reached skill level 15 in Ranged Weapons
 23569 | D:13     | Reached XP level 15. HP: 106/134 MP: 18/18
 23613 | D:13     | Noticed Frances
 23619 | D:13     | Noticed Snorg
 23621 | D:13     | Killed Frances
 23643 | D:13     | Killed Snorg
 23661 | D:13     | Found a gate to the Vaults.
 24147 | Shoals:1 | Entered Level 1 of the Shoals
 24202 | Shoals:1 | Found a frozen archway.
 24223 | IceCv    | Entered an ice cave
 25257 | IceCv    | Noticed a lich
 25650 | IceCv    | Killed a lich
 25668 | IceCv    | Got Progressing With Hermetics
 25681 | IceCv    | Got the Spellbook of Ghastly Frostbite
 25971 | Shoals:1 | Noticed a kraken
 26002 | Shoals:1 | Killed a kraken
 26396 | Shoals:2 | Noticed a kraken
 26413 | Shoals:2 | Killed a kraken
 26536 | Shoals:2 | Reached XP level 16. HP: 146/146 MP: 19/19
 26658 | Shoals:2 | Found a runed translucent gate.
 26658 | Shoals:2 | Found a runed translucent gate.
 26658 | Shoals:2 | Found a runed translucent gate.
 26667 | Shoals:2 | Noticed Laidat's ghost (adept HuWn)
 26689 | Shoals:2 | Killed Laidat's ghost
 26745 | Shoals:2 | Noticed Ilsuiw
 26769 | Shoals:2 | Killed Ilsuiw
 27330 | Shoals:3 | Noticed a kraken
 27434 | Shoals:3 | Found Gougant's Distillery.
 27442 | Shoals:3 | Found Zunkejec's Assorted Antiques.
 27443 | Shoals:3 | Bought a potion of enlightenment for 90 gold pieces
 27443 | Shoals:3 | Bought a potion of lignification for 54 gold pieces
 27443 | Shoals:3 | Bought a potion of cancellation for 144 gold pieces
 27443 | Shoals:3 | Bought a potion of attraction for 54 gold pieces
 27454 | Shoals:3 | Bought a forked copper wand for 140 gold pieces
 27459 | Shoals:3 | Paralysed by a formless jellyfish for 1 turns
 27647 | Shoals:3 | Found a runed translucent gate.
 27648 | Shoals:3 | Found a runed translucent gate.
 27649 | Shoals:3 | Found a runed translucent gate.
 27667 | Shoals:3 | Killed a kraken
 28192 | Shoals:4 | Entered Level 4 of the Shoals
 28222 | Shoals:4 | Noticed Mara
 28227 | Shoals:4 | Noticed Donald
 28231 | Shoals:4 | Killed Mara
 28239 | Shoals:4 | Killed Donald
 28270 | Shoals:4 | Noticed a sphinx
 28279 | Shoals:4 | Killed a sphinx
 28434 | Shoals:4 | Reached skill level 15 in Fighting
 28476 | Shoals:4 | Reached XP level 17. HP: 134/156 MP: 20/20
 28599 | Shoals:4 | Identified the amulet of Leaves {Spirit Contam rPois rN++
                  | Stlth+}
 28745 | Shoals:4 | Got a barnacled rune of Zot
 29552 | D:14     | Identified the +0 leather armour of Free Expression {*Slow
                  | rN+++ Regen+ Int+4}
 29683 | D:14     | Reached skill level 1 in Spellcasting
 29778 | D:14     | Identified the ring of Zoifol {Ice rElec rPois Int+2}
 30454 | D:15     | Entered Level 15 of the Dungeon
 31109 | D:15     | Found a staircase to the Depths.
 31593 | Snake:1  | Entered Level 1 of the Snake Pit
 31615 | Snake:1  | Noticed Mlioglotl
 31621 | Snake:1  | Killed Mlioglotl
 31649 | Snake:1  | Noticed Kirke
 31654 | Snake:1  | Killed Kirke
 33920 | Snake:3  | Reached XP level 18. HP: 166/166 MP: 29/29
 34829 | Snake:4  | Entered Level 4 of the Snake Pit
 34839 | Snake:4  | Reached skill level 5 in Spellcasting
 36579 | Snake:4  | Got a serpentine rune of Zot
 37092 | Elf:1    | Entered Level 1 of the Elven Halls
 37149 | Elf:1    | Noticed Norris
 37194 | Elf:1    | Killed Norris
 37287 | Elf:1    | Got the Grimoire of the Salvo
 37309 | Elf:1    | Found Ymuherin's Book Emporium.
 37677 | Elf:1    | Found Eteylohy's Distillery.
 37686 | Elf:1    | Bought a potion of mutation for 128 gold pieces
 37686 | Elf:1    | Bought a potion of resistance for 160 gold pieces
 37786 | Elf:1    | Reached XP level 19. HP: 152/177 MP: 26/31
 37853 | Elf:1    | Identified the +0 chain mail of the Beggar {Harm rF+ Int+2
                  | SInv}
 37885 | Elf:1    | Found Yddo's Antique Armour Shop.
 37894 | Elf:1    | Bought an ichor-stained robe for 119 gold pieces
 37894 | Elf:1    | Identified the +1 robe "Xephuixzea" {Regen+ Str-3 Dex+2
                  | SInv Stlth+} (You bought it in a shop on level 1 of the
                  | Elven Halls)
 38400 | Elf:2    | Found a runed translucent gate.
 38401 | Elf:2    | Found a runed translucent gate.
 38401 | Elf:2    | Found a runed translucent gate.
 38894 | Elf:3    | Entered Level 3 of the Elven Halls
 40143 | Elf:3    | Identified the +2 dire flail of the Charming Gods {heavy,
                  | rC+ rN+ Str-2}
 40544 | Elf:3    | Identified the +2 chain mail "Xicsuror" {rElec Str+2
                  | Stlth+}
 40565 | Elf:3    | Identified the +10 hand axe "Ogrebane" {venom, rPois}
 40605 | Elf:3    | Identified the +5 morningstar of Ambiguity {flame, Dex+4}
 40611 | Elf:3    | Identified the +2 robe of Badixt {rF+ rC+}
 40614 | Elf:3    | Identified the +2 scale mail "Niho Ciss" {Int+3 Dex+2}
 40620 | Elf:3    | Got Sif Muna's Codex of Algid Command
 40635 | Elf:3    | Acquired a manual of Fighting
 41154 | Vaults:1 | Entered Level 1 of the Vaults
 41459 | Vaults:1 | Found Poreorej's Jewellery Emporium.
 42544 | Vaults:2 | Noticed a bone dragon
 42566 | Vaults:1 | Killed a bone dragon
 42636 | Vaults:2 | Found a staircase to the Crypt.
 43026 | Vaults:2 | Reached XP level 20. HP: 191/191 MP: 32/32
 43667 | Crypt:1  | Entered Level 1 of the Crypt
 43837 | Vaults:3 | Got the Information on Accomplices
 44461 | Vaults:3 | Got the Catalogue of Earth
 44898 | Vaults:3 | Got the Spellbook of Anemomancy
 45048 | Vaults:3 | Got the Octavo of Causimancy
 45235 | Vaults:3 | Found Jisideaqa's Weapon Shop.
 45281 | Vaults:3 | Bought the +7 longbow "Lyterosk" {antimagic, Str+3} for
                  | 1559 gold pieces
 47412 | Vaults:5 | Entered Level 5 of the Vaults
 47676 | Depths:1 | Entered Level 1 of the Depths
 47753 | Depths:1 | Reached XP level 21. HP: 207/207 MP: 33/33
 48316 | Depths:1 | Found a gateway to Hell.
 48571 | Depths:1 | Found a one-way gateway to a ziggurat.
 48571 | Depths:1 | Noticed Saint Roka
 48607 | Depths:1 | Killed Saint Roka
 49048 | Depths:2 | Found a one-way gate leading to the halls of Pandemonium.
 49271 | Depths:2 | Found Nuecuonyn's Armour Shoppe.
 49442 | Depths:2 | Identified the +1 robe "Beof" {+Blink Str-5 Int+9}
 49665 | Depths:2 | Found a one-way gate to the infinite horrors of the Abyss.
 49686 | Depths:2 | Noticed a caustic shrike
 49691 | Depths:2 | Killed a caustic shrike
 49839 | Depths:2 | Reached skill level 10 in Evocations
 49854 | Depths:2 | Noticed a juggernaut
 49867 | Depths:2 | Killed a juggernaut
 49874 | Depths:2 | Noticed a golden dragon
 49877 | Depths:2 | Killed a golden dragon
 49983 | Depths:2 | Identified the +0 robe of the Battered Queens {Fly rF-
                  | Will- Dex+8}
 50330 | Depths:2 | Reached XP level 22. HP: 215/215 MP: 34/34
 50834 | Depths:3 | Found a runed translucent door.
 50974 | Depths:3 | Noticed Vv
 51004 | Depths:3 | Killed Vv
 51409 | Depths:3 | Reached skill level 10 in Stealth
 51423 | Depths:3 | Reached skill level 1 in Armour
 51428 | Depths:3 | Found a runed door.
 51433 | Depths:3 | Noticed Boris
 51439 | Depths:3 | Killed Boris
 51625 | Depths:3 | Noticed an ancient lich
 51631 | Depths:3 | Killed an ancient lich
 51632 | Depths:3 | Reached skill level 5 in Armour
 51632 | Depths:3 | Reached XP level 23. HP: 143/223 MP: 22/35
 51788 | Depths:3 | Identified the +0 ring mail of Nawayr {rPois Int+3 Slay+5
                  | Stlth+}
 51797 | Depths:3 | Acquired the +0 pair of gloves "Sagilof" {+Blink rPois rF+
                  | Slay+3}
 51868 | Depths:3 | Identified the amulet "Piffuq" {Spirit Slay+2}
 51870 | Depths:3 | Acquired 1170 gold pieces
 52030 | Depths:3 | You fall into a shaft and drop 1 floor!
 52030 | Depths:4 | Entered Level 4 of the Depths
 52564 | Depths:3 | Noticed Hacs's ghost (veteran DgCj)
 52564 | Depths:3 | Noticed a juggernaut
 53163 | Depths:3 | Killed Hacs's ghost
 53173 | Depths:3 | Killed a juggernaut
 53987 | Depths:4 | Found a gate to the Realm of Zot.
 54230 | Depths:4 | Found a runed translucent door.
 54287 | Depths:4 | Reached skill level 10 in Armour
 54555 | Depths:4 | Identified the ring "Kicic" {Ice rN++ Will- Int+2}
 54557 | Depths:4 | Upgraded the game from 0.31-a0-496-g6f97920a28 to
                  | 0.31-a0-507-gbafd7f5274
 55137 | Vaults:5 | Noticed a dread lich
 55148 | Vaults:5 | Killed a dread lich
 55576 | Vaults:5 | Noticed a dread lich
 55584 | Vaults:5 | Killed a dread lich
 55594 | Vaults:5 | Noticed an ancient lich
 55610 | Vaults:5 | Killed an ancient lich
 55859 | Vaults:5 | Identified the ring of Faogu {Wiz rPois rN+}
 55891 | Vaults:5 | Reached XP level 24. HP: 233/233 MP: 35/35
 55949 | Vaults:5 | Identified the +2 sling of Ru's Castigation {freeze, Int+3
                  | Dex+3}
 56057 | Vaults:5 | Identified the +0 sling "Ysamarph" {freeze, Dex+2}
 56285 | Vaults:5 | Identified the +0 chain mail "Sepnu" {Int+4}
 56406 | Vaults:5 | Identified the staff of the Radish {rF+ rC+ rN+ Will- Int+3
                  | Necro}
 56467 | Vaults:5 | Got a silver rune of Zot
 56470 | Vaults:5 | Found Huraeryahi's Distillery.
 56471 | Vaults:5 | Found Cuteden's Antique Armour Boutique.
 56475 | Vaults:5 | Bought a potion of mutation for 120 gold pieces
 56475 | Vaults:5 | Bought a potion of curing for 45 gold pieces
 56479 | Vaults:5 | Bought a twisted scale mail for 288 gold pieces
 56479 | Vaults:5 | Identified the +5 scale mail of Tortelloni {Dex+2} (You
                  | bought it in a shop on level 5 of the Vaults)
 56479 | Vaults:5 | Bought a pair of crude boots for 304 gold pieces
 56479 | Vaults:5 | Identified the +0 pair of boots of Beyond {+Blink} (You
                  | bought it in a shop on level 5 of the Vaults)
 56578 | Vaults:5 | Identified the +1 scale mail of Fesso {rN++}
 56614 | Vaults:5 | Found Lyofurho's Antique Armour Shoppe.
 56622 | Vaults:5 | Bought a pair of runed boots for 255 gold pieces
 56622 | Vaults:5 | Bought a jewelled ring mail for 306 gold pieces
 56622 | Vaults:5 | Identified the +3 ring mail of Socef {Rampage rCorr Str+4
                  | Int-4} (You bought it in a shop on level 5 of the Vaults)
 57027 | Zot:1    | Entered Level 1 of the Realm of Zot
 57835 | Zot:1    | Found a huge runed gate.
 57835 | Zot:1    | Found a huge runed gate.
 57842 | Zot:1    | Found a huge runed gate.
 57842 | Zot:1    | Found a huge runed gate.
 57842 | Zot:1    | Found a huge runed gate.
 57842 | Zot:1    | Found a huge runed gate.
 57843 | Zot:1    | Found a huge runed gate.
 57843 | Zot:1    | Found a huge runed gate.
 57843 | Zot:1    | Found a huge runed gate.
 57843 | Zot:1    | Found a huge runed gate.
 57843 | Zot:1    | Found a huge runed gate.
 57844 | Zot:1    | Found a huge runed gate.
 57844 | Zot:1    | Found a huge runed gate.
 57849 | Zot:1    | Found a huge runed gate.
 57850 | Zot:1    | Found a huge runed gate.
 58010 | Zot:1    | Found a huge runed gate.
 58010 | Zot:1    | Found a huge runed gate.
 58010 | Zot:1    | Found a huge runed gate.
 58010 | Zot:1    | Found a huge runed gate.
 58010 | Zot:1    | Found a huge runed gate.
 58010 | Zot:1    | Found a huge runed gate.
 58011 | Zot:1    | Found a huge runed gate.
 58012 | Zot:1    | Found a huge runed gate.
 58013 | Zot:1    | Found a huge runed gate.
 58026 | Zot:1    | Found a huge runed gate.
 58026 | Zot:1    | Found a huge runed gate.
 58026 | Zot:1    | Found a huge runed gate.
 58026 | Zot:1    | Found a huge runed gate.
 58026 | Zot:1    | Found a huge runed gate.
 58075 | Zot:1    | Noticed an orb of fire
 58085 | Zot:1    | Gained mutation: You have hidden genetic defects. [an orb
                  | of fire]
 58087 | Zot:1    | Killed an orb of fire
 58088 | Zot:1    | Lost mutation: You have hidden genetic defects. [potion of
                  | mutation]
 58088 | Zot:1    | Gained mutation: You are robust. (+10% HP) [potion of
                  | mutation]
 58088 | Zot:1    | Gained mutation: You possess an exceptional clarity of
                  | mind. [potion of mutation]
 58242 | Zot:1    | Found a huge runed gate.
 58242 | Zot:1    | Found a huge runed gate.
 58243 | Zot:1    | Found a huge runed gate.
 58244 | Zot:1    | Found a huge runed gate.
 58252 | Zot:1    | Found a huge runed gate.
 58252 | Zot:1    | Found a huge runed gate.
 58252 | Zot:1    | Found a huge runed gate.
 58426 | Zot:1    | Noticed a Killer Klown
 58427 | Zot:1    | Noticed a Killer Klown
 58447 | Zot:1    | Killed a Killer Klown
 58464 | Zot:1    | Killed a Killer Klown
 58474 | Zot:1    | Noticed a Killer Klown
 58490 | Zot:1    | Killed a Killer Klown
 58498 | Zot:1    | Noticed a Killer Klown
 58504 | Zot:1    | Killed a Killer Klown
 58660 | Zot:1    | Identified the +1 trident of the Lettuce {elec, rElec}
 59120 | Zot:2    | Noticed an ancient lich
 59126 | Zot:2    | Killed an ancient lich
 59373 | Zot:2    | Noticed a Killer Klown
 59384 | Zot:2    | Killed a Killer Klown
 60063 | Zot:3    | Reached XP level 25. HP: 264/268 MP: 12/35
 61029 | Zot:3    | Identified the +6 sling of Exchange {heavy, Stlth+}
 62350 | Zot:5    | Entered Level 5 of the Realm of Zot
 63361 | Zot:5    | Noticed an orb of fire
 63368 | Zot:5    | Noticed an orb of fire
 63381 | Zot:5    | Noticed a dread lich
 63387 | Zot:5    | Killed an orb of fire
 63429 | Zot:5    | Killed an orb of fire
 63444 | Zot:5    | Killed a dread lich
 64916 | Zot:5    | Got the Orb of Zot
 65040 | Zot:4    | Noticed a seraph
 65097 | Depths:4 | Noticed Ochoiv the pandemonium lord
 65429 | D:1      | Reached XP level 26. HP: 282/282 MP: 11/35
 65509 | D:$      | Escaped with the Orb!

Illustrated notes

Levels and vault maps discovered:
D:1:      dpeg_arrival_ternary, layout_loops_corners
D:2:      layout_rooms
D:3:      layout_loops_corners, uniq_ijyb, uniq_natasha
D:4:      layout_cave_pools, temple_fountains, serial_column_ruins,
          column_ruins_circle_medium, column_ruins_grid_1, column_ruins_grid_1,
          column_ruins_grid_3, column_ruins_open_small,
          amcnicky_mini_rare_corridor_liquid, corexii_shack,
          kennysheep_cluttered_room, bh_walls_and_bars
D:5:      cheibrodos_fzero, layout_cave_pods, mainiacjoe_overflow_paths,
          kennysheep_little_box, serial_shops, nicolae_shop_real_fake_doors
D:6:      layout_loops_cross, minmay_overflow_temple_star_quad, nzn_random_ring,
          uniq_menkaure, uniq_crazy_yiuf_cottage
D:7:      layout_basic, minivault_4
D:8:      layout_layer_cave, the_hattery
D:9:      layout_rooms, uniq_maggie, uniq_grum, uniq_joseph, uniq_harold
D:10:     layout_gridville, dpeg_lair_monsters
D:11:     layout_cave_pods, erik_orc_4
D:12:     layout_cave_pods, uniq_jorgrun
D:13:     layout_basic, grunt_vaults_entry_fortified, uniq_frances, uniq_snorg
D:14:     layout_layer_cave, nicolae_hepliaklqana_ecumenical_no_more
D:15:     gammafunk_enter_depths_forms, layout_cave_pools,
          minmay_misc_feat_alley
Lair:1:   layout_regular_city, minivault_23
Lair:2:   wander_river, layout_hall_layers, minmay_shoals_entry_lonely_mermaid,
          infiniplex_staircase_pool, serial_bayou_shore_b, uniq_amaemon
Lair:3:   hangedman_what_comes_after_a, layout_gridlike
Lair:4:   layout_long_grid, slime_entry_1, chequers_serial_rivers_micro_b,
          serial_bayou_shore_a, infiniplex_staircase_pool_2
Lair:5:   hangedman_lair_in_review, layout_hall_layers,
          hangedman_lair_caniforms_friends, gauntlet_entry_generic,
          serial_bayou_shore_b
Shoals:1: layout_shoals, portal_ice_cave_entry_ice_simulacra
Shoals:2: layout_shoals, ebering_ghost_rock_garden, uniq_ilsuiw
Shoals:3: layout_shoals, serial_shops, nicolae_shop_industrial_runoff, shop,
          nicolae_shoals_beach_cooler
Shoals:4: shoals_end_hellmonk_lost_city, uniq_donald, uniq_mara
Snake:1:  nicolae_snake_attic_fulla_snakes, layout_gridlike, uniq_kirke,
          uniq_mlioglotl
Snake:2:  layout_chambers, drop_trap, grunt_ministairs_9
Snake:3:  layout_layer_cave, serial_bayou_lagoon_a
Snake:4:  hellmonk_snake_rune_quicksilver_temple, layout_rooms,
          nicolae_snake_scaly_snakehead
Orc:1:    layout_diamond_mine, uniq_erolcha
Orc:2:    st_orc_rangers, layout_caves
Elf:1:    kennysheep_ambush_hall, layout_gridlike, serial_shops,
          nicolae_lakefront_shop, nicolae_shop_just_a_little_nook, shop,
          minmay_elf_annihilation, uniq_norris
Elf:2:    nicolae_elf_blades_crystal_corner, layout_gridlike,
          nicolae_elf_theology_debate
Elf:3:    elf_hall, layout_gridlike, grunt_megastairs_2
Vaults:1: nicolae_vaults_tetromino_L_2, vaults_dpeg_spiral,
          grunt_vaults_hallway_long, vaults_dpeg_cross, v_misc_12, v_pattern_5,
          nicolae_vaults_six-pack, ontoclasm_vaults_pinch, v_misc_22,
          vaults_dpeg_encased_lava, layout_vaults_quadrants, serial_shops, shop
Vaults:2: vaults_room_grid, vaults_room_large_hall,
          nicolae_vaults_tetromino_Z_1, minmay_crypt_entry_nasty_monster,
          ontoclasm_vaults_claustrophobia, nicolae_vaults_statue_guard,
          v_misc_2, v_misc_13, vaults_dpeg_diagonal,
          nicolae_vaults_layer_cake_slice, grunt_vaults_focal,
          hangedman_vaults_cutoff, nicolae_vaults_trapezoid_3,
          nicolae_vaults_wrenched, layout_vaults_maze_snakey
Vaults:3: grunt_vaults_swirl, nicolae_vaults_lightning_bolt, v_misc_16,
          nicolae_vaults_six-pack, nicolae_vaults_house_3,
          nicolae_vaults_frosty_reception,
          nicolae_vaults_taking_the_gang_shopping, ontoclasm_vaults_ring_square,
          nicolae_vaults_security_offices_1, layout_vaults_big_room,
          serial_hangedman_research, hangedman_research_geology,
          hangedman_research_pyrotechnics, hangedman_research_electronics,
          hangedman_research_convocations
Vaults:4: nicolae_vaults_doubleplus_tesselated, nicolae_vaults_tetromino_Z_1,
          nicolae_vaults_lopsided_apartments, vaults_room_pool, v_pattern_4,
          nicolae_vaults_closet_pinwheel_2, nicolae_vaults_network_quinsquares
          [nicolae_vaults_network_quincunx_subvault,
          nicolae_vaults_network_quincunx_subvault,
          nicolae_vaults_network_quincunx_subvault,
          nicolae_vaults_network_quincunx_subvault], ontoclasm_vaults_twist,
          nicolae_vaults_trapezoid_4, ontoclasm_vaults_hangar,
          vaults_standard_mumra_lines, nicolae_vaults_tetromino_L_1,
          nicolae_vaults_variable_pillar_hall, nicolae_vaults_trapezoid_3,
          layout_vaults_omnicross
Vaults:5: serial_shops
Crypt:1:  layout_gridlike, grunt_ministairs_11, small_statue_intersection,
          grunt_megastairs_1, grunt_crypt_arrival_guarded_gate
Depths:1: layout_gridlike, enter_ziggurat_a, hell_entry,
          chequers_serial_rivers_large_b, nicolae_houndstooth_variations,
          uniq_saint_roka
Depths:2: kennysheep_large_vault, layout_basic, rand_demon_pan_entry_3,
          hell_entry, serial_shops, nicolae_shop_advertising_works
          [nicolae_subvault_shop_adworks], abyss_entry,
          chequers_serial_rivers_marsh
Depths:3: evilmike_wizard_prison, layout_cave_pools,
          serial_sigils_hangedman_snap, marbit_kobold_abyss_entry,
          ebering_ghost_inner_flame, grunt_hell_entry_dis_mu,
          serial_sigils_hangedman_shear, minmay_staircase_windowed_small,
          uniq_grunn, uniq_margery, uniq_boris, uniq_vv
Depths:4: evilmike_zot_entry_basic, layout_basic, nicolae_eternal_life,
          grunt_hell_horde, abyss_entry, kennysheep_treasure_room,
          kennysheep_random_hallway
Zot:1:    layout_onion_interference, not_door_vault_due
Zot:2:    hangedman_snap_crack_crunch, layout_onion
Zot:3:    layout_onion, grunt_megastairs_5
Zot:4:    layout_gridlike
Zot:5:    layout_gridlike

Skill      XL: |  1  2  3  4  5  6  7  8  9 10 11 12 13 14 15 16 17 18 19 20 21 22 23 24 25 |
---------------+----------------------------------------------------------------------------+-----
Stealth        | 1 3 5 6 8 10 | 10.0
Fighting       | 2 4 6 8 11 12 14 15 17 19 22 23 24 | 24.8
Ranged Weapons | 4 5 6 7 8 10 11 12 14 15 17 18 19 20 21 22 23 24 | 24.7
Dodging        | 2 3 4 5 6 8 10 15 16 17 18 19 20 21 22 23 24 | 24.6
Evocations     | 2 3 6 8 11 12 | 12.0
Spellcasting   | 4 5 |  5.0
Armour         | 5 13 | 13.0

Action                     |  1- 3 |  4- 6 |  7- 9 | 10-12 | 13-15 | 16-18 | 19-21 | 22-24 | 25-27 || total
---------------------------+-------+-------+-------+-------+-------+-------+-------+-------+-------++-------
  Melee: Longbow           |       |     1 |       |       |       |       |       |       |       ||     1
   Fire: Shortbow          |   115 |    58 |       |       |       |       |       |       |       ||   173
         Longbow           |    11 |    82 |   235 |   672 |  1335 |  1365 |  1595 |  1585 |   662 ||  7542
  Evoke: Wand              |       |       |    23 |    32 |     8 |    14 |    11 |     8 |     5 ||   101
         Phial of floods   |       |       |       |       |       |     2 |       |     1 |       ||     3
         Phantom mirror    |       |       |       |       |       |     1 |     3 |       |     2 ||     6
    Use: Scroll            |     3 |       |     2 |    14 |    14 |     6 |     7 |    10 |     7 ||    63
         Potion            |       |     2 |     2 |       |     2 |     2 |     1 |     6 |     9 ||    24
 Armour: Leather armour    |     4 |    14 |    10 |       |       |       |       |       |       ||    28
         Robe              |       |       |     2 |    45 |    66 |    34 |    44 |    34 |    18 ||   243
  Dodge: Dodged            |    34 |    40 |    57 |   333 |   990 |   656 |   621 |   516 |   417 ||  3664

Table legend: (Time is in decaauts)
 A = Elapsed time spent in this place.
 B = Non-inter-level travel time spent in this place.
 C = Inter-level travel time spent in this place.
 D = Time resting spent in this place.
 E = Time spent auto-exploring this place.
 F = Levels seen in this place.
 G = Mean time per level.
                   A        B        C        D        E       F      G
               +--------+--------+--------+--------+--------+-----+--------+
         Total |  64570 |  57937 |   6633 |   9374 |  34292 |  50 | 1291.4 |
       Dungeon |  18413 |  15373 |   3040 |   2669 |   8941 |  15 | 1227.5 |
          Lair |   7479 |   6675 |    804 |   1251 |   3375 |   5 | 1495.8 |
        Shoals |   3465 |   3047 |    418 |     63 |   2040 |   4 |  866.2 |
     Snake Pit |   4940 |   4564 |    376 |    759 |   3007 |   4 | 1235.0 |
  Orcish Mines |   1736 |   1456 |    280 |    298 |    794 |   2 |  868.0 |
   Elven Halls |   3793 |   3498 |    295 |    668 |   2143 |   3 | 1264.3 |
        Vaults |   8099 |   7243 |    856 |    518 |   4857 |   5 | 1619.8 |
         Crypt |      1 |      1 |      0 |      0 |      0 |   1 |    1.0 |
        Depths |   6914 |   6576 |    338 |   1215 |   4028 |   4 | 1728.5 |
           Zot |   7653 |   7430 |    223 |   1053 |   4843 |   5 | 1530.6 |
      Ice Cave |   1557 |   1557 |      0 |    844 |    233 |   1 | 1557.0 |
      Gauntlet |    515 |    515 |      0 |     33 |     28 |   1 |  515.0 |
               +--------+--------+--------+--------+--------+-----+--------+

Top non-repeatable levels by time:
   Zot:5: 2549 daAuts
Depths:3: 2447 daAuts
Vaults:4: 2239 daAuts
   Elf:3: 1918 daAuts
     D:5: 1879 daAuts
  Lair:5: 1805 daAuts
Depths:2: 1787 daAuts
    D:10: 1784 daAuts
     D:6: 1695 daAuts
     D:8: 1635 daAuts
 Snake:4: 1618 daAuts
  Lair:2: 1616 daAuts
Vaults:5: 1585 daAuts
   Zot:1: 1581 daAuts
   IceCv: 1557 daAuts
